 Dungeon Crawl Stone Soup version 0.31-a0-931-g7b59d4eb97 (webtiles) character file.

Game seed: 4428319176049577714

100860 soylentgreeen202 the Brawler (level 15, -12/129 HPs)
             Began as a Black Draconian Shapeshifter on Oct 19, 2023.
             Was the Champion of Makhleb.
             Killed by divine providence
             ... invoked by a meliai
              (16 damage)
             ... on level 14 of the Dungeon on Oct 20, 2023.
             The game lasted 03:24:36 (30738 turns).

soylentgreeen202 the Brawler (DrSh)                Turns: 30738, Time: 03:24:36

Health: -12/129    AC: 15    Str: 20    XL:     15   Next: 81%
Magic:  8/12       EV: 23    Int: 11    God:    Makhleb [******]
Gold:   1763       SH:  0    Dex: 14    Spells: 2/14 levels left

rFire   . .          .
                       - Unarmed
rCold   . . .        (shield currently unavailable)
rNeg    + + .        (body armour unavailable)
rPois   .            p - +1 hat of Ypton {Slay+6 SInv}
rElec   +            L - +0 cloak {Will+}
rCorr   .            s - +1 pair of gloves
SInv    +            h - +1 pair of boots
Will    +++..        D - amulet of Rationality {Fragile rN++ Regen+ MP-9 Slay+2}
Stlth   +            I - +5 ring of evasion
HPRegen 1.21/turn    b - ring of willpower
MPRegen 0.13/turn

%: no passive effects
@: flux-form, flying, very slightly contaminated, glowing
A: glow, contaminating, flying, breathe lightning, AC +9, unfitting armour, big
wings, electricity resistance, cold-blooded
a: Breathe Lightning, Begin Untransformation, Renounce Religion, Minor
Destruction, Lesser Servant of Makhleb, Major Destruction, Greater Servant of
Makhleb


You were on level 14 of the Dungeon.
You worshipped Makhleb.
Makhleb was exalted by your worship.
You were something dangerously unstable.
You visited 4 branches of the dungeon, and saw 22 of its levels.
You also visited: Gauntlet and Ice Cave.

You collected 3374 gold pieces.
You spent 1611 gold pieces at shops.

Inventory:

Hand Weapons
 e - a +0 battleaxe of freezing
 g - the +8 demon blade "Leech" {evervamp, Harm Drain rN+}
   (You found it on level 2 of the Lair of Beasts)

   rN+:       It protects you from negative energy.
   Drain:     It drains your maximum health when unequipped.
   Harm:      It increases damage dealt and taken.
 C - the +7 quarterstaff of a bailey {venom, rC+ Str+4}
   (You took it off an orc priest on level 5 of the Dungeon)

   Str+4:     It affects your strength (+4).
   rC+:       It protects you from cold.
Armour
 h - a +1 pair of boots (worn)
 p - the +1 hat of Ypton (worn) {Slay+6 SInv}
   (You acquired it on level 5 of the Dungeon)

   Slay+6:    It affects your accuracy & damage with ranged weapons and melee
   (+6).
   SInv:      It lets you see invisible.
 s - a +1 pair of gloves (worn)
 G - a +1 cloak
 L - a +0 cloak of willpower (worn)
 X - a +2 cloak
Jewellery
 b - a ring of willpower (right hand)
 d - a ring of ice
 f - a ring of wizardry
 i - a ring of magical power
 l - a ring of protection from cold
 r - a ring of protection from cold
 D - the amulet of Rationality (around neck) {Fragile rN++ Regen+ MP-9 Slay+2}
   (You found it in a Gauntlet)

   [amulet of regeneration]

   Slay+2:    It affects your accuracy & damage with ranged weapons and melee
   (+2).
   rN++:      It greatly protects you from negative energy.
   MP-9:      It affects your magic capacity (-9).
   Regen+:    It increases your rate of health regeneration.
   Fragile:   It will be destroyed if unequipped.
 H - an amulet of regeneration
 I - a +5 ring of evasion (left hand)
 M - a ring of wizardry
 O - an amulet of guardian spirit
 R - a ring of resist corrosion
 U - an amulet of reflection
Talismans
 A - a maw talisman
Wands
 c - a wand of polymorph (3)
 m - a wand of digging (4)
 o - a wand of iceblast (40)
 B - a wand of flame (69)
 E - a wand of light (13)
Scrolls
 j - 4 scrolls of immolation
 n - 2 scrolls of torment
 u - 2 scrolls of amnesia
 v - 4 scrolls of vulnerability
 y - 6 scrolls of teleportation
 F - 3 scrolls of poison
 K - a scroll of silence
 N - 4 scrolls of noise
 Q - 3 scrolls of blinking
 Y - 6 scrolls of identify
 Z - 5 scrolls of fear
Potions
 a - 2 potions of lignification
 k - 2 potions of magic
 q - 3 potions of brilliance
 t - 3 potions of mutation
 w - 2 potions of might
 x - 5 potions of enlightenment
 z - 4 potions of curing
 J - a potion of resistance
 P - 4 potions of attraction
 S - 2 potions of haste
 W - 2 potions of cancellation


   Skills:
 - Level 11.0 Fighting
 - Level 12.0 Dodging
 - Level 15.0 Unarmed Combat
 - Level 3.0 Conjurations
 - Level 4.1 Summonings
 - Level 8.2 Air Magic
 - Level 3.0 Poison Magic
 + Level 9.3 Invocations
 - Level 14.0 Shapeshifting


You had 2 spell levels left.
You knew the following spells:

 Your Spells              Type           Power      Damage    Failure   Level
a - Airstrike             Air            9%         2d(2-18)  12%         4
b - Call Imp              Summ           18%        N/A       10%         2
c - Mephitic Cloud        Conj/Pois/Air  10%        N/A       16%         3
d - Swiftness             Air            18%        N/A       3%          3

Your spell library contained the following spells:

 Spells                   Type           Power      Damage    Failure   Level
 Static Discharge         Conj/Air       24%        2-3/arc   5%          2
 Summon Small Mammal      Summ           36%        N/A       7%          1
 Magic Dart               Conj           24%        1d4       11%         1
 Foxfire                  Conj/Fire      12%        2x1d4     19%         1
 Apportation              Tloc           0%         N/A       34%         1
 Freeze                   Ice            0%         1d3       34%         1
 Necrotise                Necr           0%         1d4       34%         1
 Ensorcelled Hibernation  Hex/Ice        0%         N/A       47%         2
 Jinxbite                 Hex            0%         N/A       47%         2
 Passwall                 Tmut/Erth      0%         N/A       47%         2
 Summon Lightning Spire   Summ/Air       13%        N/A       28%         4
 Summon Guardian Golem    Hex/Summ       4%         N/A       43%         3
 Hailstorm                Conj/Ice       3%         3d3       50%         3
 Frozen Ramparts          Ice            0%         1d1       71%         3
 Summon Ice Beast         Ice/Summ       4%         N/A       83%         4
 Brom's Barrelling Bould  Conj/Erth      3%         2d3       88%         4
 Iskenderun's Battlesphe  Conj           6%         2d6       96%         5
 Alistair's Intoxication  Tmut/Pois      2%         N/A       99%         5
 Summon Forest            Summ/Tloc      2%         N/A       99%         5
 Summon Mana Viper        Hex/Summ       4%         N/A       99%         5
 Bombard                  Conj/Erth      1%         9d1       100%        6
 Plasma Beam              Fire/Air       4%         2x1d14    100%        6
 Starburst                Conj/Fire      1%         6d3       100%        6
 Summon Cactus Giant      Summ           4%         N/A       100%        6
 Monstrous Menagerie      Summ           4%         N/A       100%        7
 Orb of Destruction       Conj           3%         9d5       100%        7
 Spellforged Servitor     Conj/Summ      3%         N/A       100%        7


Dungeon Overview and Level Annotations

Branches:
Dungeon (14/15)            Temple (1/1) D:4            Lair (5/5) D:11
  Swamp (0/4) Lair:3       Spider (0/4) Lair:2        Slime (0/5) Lair:4
    Orc (2/2) D:10            Elf (0/3) Orc:2        Vaults (0/5) D:14
  IceCv (visited)         Gauntlet (visited)

Altars:
Ashenzari
Cheibriados
Dithmenos
Elyvilon
Fedhas
Gozag
Hepliaklqana
Kikubaaqudgha
Makhleb
Nemelex Xobeh
Okawaru
Qazlal
Ru
Sif Muna
Trog
Uskayaw
Vehumet
Wu Jian
Xom
Yredelemnul
Zin
The Shining One
Jiyva

Shops:
D:6 (   D:8 :   D:10 !   D:13 *   Orc:2 ?([=

Portals:
Trove: D:11 (give 16 potions of curing)

Annotations:
D:3 exclusion: ogre
D:6 exclusion: downstairs
Lair:1 exclusion: downstairs


Innate Abilities, Weirdness & Mutations

You are something dangerously unstable.
You glow with magical radiation, making you easy to see and hit.
Foes you strike become dangerously contaminated with magical radiation.
You are flying.
You are incapable of wielding weapons or throwing items.
You can breathe wild blasts of lightning.
Your glossy black scales are hard. (AC +9)
You cannot fit into any form of body armour.
Your large and strong wings let you fly.
You are resistant to electric shocks. (rElec)
You are cold-blooded and may be slowed by cold attacks.


Message History

The meliai is almost dead.
The meliai hits you with a +0 hand axe!
* * * LOW HITPOINT WARNING * * *
The meliai misses you.
The meliai invokes the aid of its god against you.
Something smites you!
* * * LOW HITPOINT WARNING * * *
You feel better. The meliai hits you but does no damage. The meliai misses you.
The meliai mumbles some strange prayers to its god against you.
Something smites you!
* * * LOW HITPOINT WARNING * * *
The meliai invokes the aid of its god against you.
Something smites you!
* * * LOW HITPOINT WARNING * * *
You hit the meliai.
You kill the meliai!
Makhleb accepts your kill. The meliai hits you but does no damage.
The meliai misses you.
Okay, then.
You feel better. The meliai barely misses you.
The meliai stings you but does no damage.
The meliai invokes the aid of its god against you.
Something smites you!
* * * LOW HITPOINT WARNING * * *
Blink to where?
Press: ? - help, Dir - move target
As you read the scroll of blinking, it crumbles to dust.
Okay, then.
Casting: Mephitic Cloud (mildly dangerous; 16% risk of failure)
Confirm with . or Enter, or press ? or * to list all spells.
Aiming: Airstrike (dangerous; 12% risk of failure)
Press: ? - help, Dir - move target, f - meliai
Aim: a meliai, wielding a +0 war axe and wearing a +0 leather armour (empty space bonus: 8/8)
You miscast Airstrike.
You are very lightly contaminated with residual magic.
Electricity courses through your body. You resist.
* * * LOW HITPOINT WARNING * * *
The meliai mumbles some strange prayers to its god against you.
Something smites you!
You die...

###########################
..............................
#..........###..#..........#..
#..........###..#.......#..)..
.............p..#..###........
..........................#..
###+#......y..##+#...#######....
#...#.##...##.# #...# #####
#..#.........# #...# ######[##
###..###'####### #######....#.##
....))ยง..# #...#....#.##
>##+###### #...#....#.#.
#...#....#.#.


You could see a meliai.

Vanquished Creatures
  Saint Roka (Orc:1)
  A frost giant (IceCv)
  An orc warlord (Orc:1)
  A reaper (Gauntlet)
  Nessos (Lair:5)
  An eleionoma (Lair:3)
  2 dire elephants (Lair:5)
  A minotaur (Gauntlet)
  Snorg (Lair:3)
  An entropy weaver (D:14)
  Erolcha (Orc:2)
  An ice dragon (Lair:2)
  A catoblepas (D:13)
  A vault guard (D:14)
  4 ogre magi
  4 hydras
  3 centaur warriors
  3 boulder beetles
  A death scarab (Gauntlet)
  6 death yaks
  2 tengu warriors (D:14)
  10 two-headed ogres
  A hell hog (Gauntlet)
  Urug (D:11)
  Amaemon (Lair:2)
  A spectral death yak (Lair:5)
  2 skysharks (Lair:4)
  An arcanist (D:14)
  A spectral anaconda (Lair:5)
  An obsidian statue (Lair:5)
  An orc knight (D:10)
  A deep elf pyromancer (D:8)
  4 necromancers (Lair:5)
  8 ugly things
  3 manticores
  8 orc sorcerers (Orc:2)
  4 cyclopes
  4 black mambas
  19 elephants
  5 cane toads
  An orange demon (Lair:2)
  A dire elephant zombie (Lair:5)
  A gargoyle (D:12)
  2 ice statues
  A torpor snail (Lair:3)
  2 dire elephant skeletons (Lair:5)
  A kobold demonologist (D:13)
  An unseen horror (D:12)
  2 rime drakes
  8 komodo dragons
  A hellwing (Gauntlet)
  15 polar bears
  A troll (shapeshifter) (D:12)
  3 trolls
  2 meliai (D:14)
  3 hornets
  17 blink frogs
  6 slime creatures
  A spectral black mamba (Gauntlet)
  Sigmund (D:2)
  2 culicivoras (Lair:2)
  2 wraiths
  61 yaks
  5 wyverns
  3 shadows
  A hog (shapeshifter) (D:14)
  6 basilisks
  2 steam dragons
  2 fire bats (Gauntlet)
  A death yak simulacrum (Lair:5)
  4 wargs
  9 vampire mosquitoes (D:12)
  2 spectral cane toads (Lair:5)
  10 water moccasins
  2 acid dragons
  A hell hound (Gauntlet)
  A black bear (D:8)
  19 orc warriors
  9 ice beasts
  5 elephant zombies (Lair:5)
  19 ogres
  7 centaurs
  46 wolves
  4 phantoms
  6 kobold brigands
  10 bullfrogs
  A wyvern zombie (D:6)
  2 scorpions (D:3)
  11 wights
  An elephant simulacrum (Lair:5)
  6 killer bees
  6 howler monkeys
  An electric eel (D:8)
  2 bullfrog zombies (D:6)
  3 centaur zombies
  3 hounds
  3 jellies
  Crazy Yiuf (D:5)
  3 gnoll boudas
  2 sleepcaps (D:6)
  22 orc priests
  4 iguanas
  42 orc wizards
  A howler monkey zombie (D:6)
  7 adders
  16 gnolls
  13 white imps
  2 ufetubi (D:7)
  4 worms
  7 dart slugs
  90 orcs
  6 ball pythons
  7 endoplasms
  3 giant cockroaches
  3 goblins
  7 hobgoblins
  3 jackals (D:3)
  9 quokkas
  8 bats
  6 frilled lizards
  23 kobolds
  7 rats
758 creatures vanquished.

Vanquished Creatures (others)
  2 orc wizards (Orc:2)
  A gnoll (D:8)
  2 orcs
5 creatures vanquished.

Grand Total: 763 creatures vanquished

Notes
Turn   | Place    | Note
-------+----------+-------------------------------------------
     0 | D:1      | soylentgreeen202 the Draconian Shapeshifter began the quest
                  | for the Orb.
     0 | D:1      | Reached XP level 1. HP: 16/16 MP: 1/1
   168 | D:1      | Reached XP level 2. HP: 23/23 MP: 2/2
   537 | D:1      | Reached skill level 4 in Unarmed Combat
   621 | D:1      | Reached XP level 3. HP: 25/28 MP: 3/3
   949 | D:2      | Identified a scroll of acquirement
   949 | D:2      | Acquired 576 gold pieces
  1005 | D:2      | You fall into a shaft and drop 2 floors!
  1331 | D:3      | Noticed an ice beast
  1463 | D:5      | Entered Level 5 of the Dungeon
  1549 | D:4      | Found a staircase to the Ecumenical Temple.
  1593 | Temple   | Entered the Ecumenical Temple
  1701 | Temple   | Became a worshipper of Makhleb the Destroyer
  2264 | D:3      | Noticed an ogre
  2346 | D:4      | Noticed a scorpion
  2512 | D:3      | Reached XP level 4. HP: 35/35 MP: 4/4
  2579 | D:3      | Reached skill level 5 in Unarmed Combat
  2653 | D:3      | Reached * piety under Makhleb
  2697 | D:3      | Acquired 612 gold pieces
  2705 | D:3      | Found a faded altar of an unknown god.
  2725 | D:3      | Killed an ice beast
  2726 | D:3      | Reached skill level 6 in Unarmed Combat
  2726 | D:3      | Reached XP level 5. HP: 30/40 MP: 5/5
  2727 | D:3      | Identified the +3 leather armour of Ashenzari's Anger
                  | {rElec Dex+3}
  2820 | D:2      | Learned a level 1 spell: Summon Small Mammal
  3104 | D:2      | Reached skill level 1 in Summonings
  3107 | D:2      | Noticed Sigmund
  3629 | D:2      | Killed Sigmund
  3630 | D:2      | Reached XP level 6. HP: 32/47 MP: 6/6
  4634 | D:3      | Your scales start taking on a glossy black colour.
  4634 | D:3      | Reached XP level 7. HP: 19/52 MP: 7/7
  4634 | D:3      | Gained mutation: You are resistant to electric shocks.
                  | (rElec) [Black Draconian growth]
  4937 | D:4      | Found a shimmering blue altar of Sif Muna.
  5133 | D:5      | Identified the +7 quarterstaff of a bailey {venom, rC+
                  | Str+4}
  5145 | D:5      | Reached skill level 5 in Shapeshifting
  5307 | D:5      | Found a runed translucent door.
  5308 | D:5      | Noticed Crazy Yiuf
  6687 | D:5      | Reached ** piety under Makhleb
  6688 | D:5      | Reached XP level 8. HP: 44/59 MP: 8/8
  7164 | D:5      | Reached skill level 7 in Unarmed Combat
  7538 | D:5      | Killed Crazy Yiuf
  7607 | D:5      | Found a sacrificial altar of Ru.
  7795 | D:5      | Reached skill level 8 in Unarmed Combat
  7927 | D:6      | Learned a level 1 spell: Summon Small Mammal
  7930 | D:6      | Learned a level 2 spell: Call Imp
  8131 | D:5      | Reached skill level 9 in Unarmed Combat
  8131 | D:5      | Reached XP level 9. HP: 29/61 MP: 9/9
  8419 | D:6      | Reached *** piety under Makhleb
  8433 | D:6      | Found a basalt altar of Yredelemnul.
  8443 | D:5      | Acquired the +1 hat of Ypton {Slay+6 SInv}
  9280 | D:6      | Found Keteg's Antique Weapon Emporium.
  9521 | D:7      | Noticed a two-headed ogre
  9651 | D:7      | Found a blossoming altar of Fedhas.
  9678 | D:7      | Reached skill level 5 in Fighting
  9787 | D:7      | Reached skill level 5 in Dodging
  9795 | D:7      | Killed a two-headed ogre
  9796 | D:7      | Reached XP level 10. HP: 61/84 MP: 10/10
  9814 | D:7      | Reached **** piety under Makhleb
  9975 | D:7      | Found a sparkling altar of Nemelex Xobeh.
 10712 | D:8      | Found Dilyzakk's Book Emporium.
 10717 | D:8      | Bought a book of Storms for 364 gold pieces
 10721 | D:8      | Learned a level 3 spell: Mephitic Cloud
 10777 | D:8      | Reached skill level 1 in Air Magic
 10780 | D:8      | Reached skill level 1 in Conjurations
 10780 | D:8      | Reached skill level 1 in Poison Magic
 10930 | D:8      | Noticed a deep elf pyromancer
 11027 | D:7      | Reached skill level 5 in Air Magic
 11041 | D:7      | Learned a level 4 spell: Airstrike
 11325 | D:8      | HP: 2/86 [fire elemental[a deep elf pyromancer] (11)]
 11450 | D:8      | Found an opulent altar of Gozag.
 11491 | D:8      | Found a white marble altar of Elyvilon.
 11678 | D:8      | Killed a deep elf pyromancer
 11782 | D:8      | Reached ***** piety under Makhleb
 11908 | D:8      | Noticed a manticore
 11914 | D:8      | Killed a manticore
 11928 | D:8      | Noticed a centaur warrior
 11998 | D:8      | Killed a centaur warrior
 11999 | D:8      | Reached skill level 10 in Unarmed Combat
 11999 | D:8      | Reached XP level 11. HP: 28/92 MP: 3/11
 12401 | D:9      | Noticed a two-headed ogre
 12407 | D:9      | Killed a two-headed ogre
 12615 | D:9      | Found an ornate altar of the Wu Jian Council.
 12816 | D:9      | Reached skill level 11 in Unarmed Combat
 13251 | D:10     | Entered Level 10 of the Dungeon
 13526 | D:10     | Noticed a two-headed ogre
 13535 | D:10     | Killed a two-headed ogre
 13606 | D:10     | Found Varrodyiw's Distillery.
 13614 | D:10     | Bought a potion of might for 44 gold pieces
 13614 | D:10     | Bought 2 potions of heal wounds for 110 gold pieces
 13614 | D:10     | Bought a potion of curing for 33 gold pieces
 13614 | D:10     | Bought 2 potions of haste for 220 gold pieces
 13614 | D:10     | Bought a potion of attraction for 33 gold pieces
 13656 | D:10     | Found a staircase to the Orcish Mines.
 14078 | D:11     | Found a portal to a secret trove of treasure.
 14254 | D:11     | Noticed a two-headed ogre
 14270 | D:11     | Killed a two-headed ogre
 14547 | D:11     | Noticed a white ugly thing
 14557 | D:11     | Killed a red ugly thing
 14633 | D:11     | Noticed a two-headed ogre
 14645 | D:11     | Killed a two-headed ogre
 14768 | D:11     | Noticed Urug
 14795 | D:11     | Killed Urug
 14796 | D:11     | Reached skill level 10 in Shapeshifting
 14889 | D:11     | Found a staircase to the Lair.
 15471 | Gauntlet | Identified the "Muw Ywy"
 15471 | Lair:1   | Entered Level 1 of the Lair of Beasts
 15687 | Lair:1   | Reached XP level 12. HP: 100/100 MP: 12/12
 15763 | Lair:1   | Paralysed by a hornet for 3 turns
 16043 | Lair:1   | Identified the +1 robe of Ujefit {rN+}
 16591 | Lair:2   | Noticed Amaemon
 16602 | Lair:2   | Killed Amaemon
 16736 | Lair:2   | Noticed an ice dragon
 16816 | Lair:2   | Killed an ice dragon
 16849 | Lair:2   | Reached ****** piety under Makhleb
 17408 | Lair:2   | Found the +8 demon blade "Leech" {evervamp, Harm Drain rN+}
 17426 | Lair:2   | Identified the +2 leather armour of Whack-A-Mole {rElec
                  | Dex+2 Slay+2 Stlth+}
 17447 | Lair:2   | Found a hole to the Spider Nest.
 17986 | Lair:3   | Reached XP level 13. HP: 99/105 MP: 13/13
 18042 | Lair:2   | Reached skill level 12 in Unarmed Combat
 18254 | Lair:3   | Found a staircase to the Swamp.
 18254 | Lair:3   | Noticed an eleionoma
 18266 | Lair:3   | Killed an eleionoma
 18336 | Lair:3   | Noticed Snorg
 18358 | Lair:3   | Killed Snorg
 18506 | Lair:3   | Reached skill level 13 in Unarmed Combat
 19154 | Lair:4   | Found a viscous altar of Jiyva.
 19157 | Lair:4   | Found a staircase to the Slime Pits.
 19199 | Lair:4   | Reached skill level 14 in Unarmed Combat
 20107 | Lair:5   | Entered Level 5 of the Lair of Beasts
 20265 | Lair:5   | Reached skill level 15 in Unarmed Combat
 20538 | Lair:5   | Noticed Nessos
 20545 | Lair:4   | HP: 3/108 [poisoned by Nessos]
 20743 | Lair:5   | Killed Nessos
 20857 | Lair:4   | Gained mutation: Your large and strong wings let you fly.
                  | [Black Draconian growth]
 20857 | Lair:4   | Reached XP level 14. HP: 63/116 MP: 14/14
 21230 | Lair:5   | Identified the +4 flail of the Ageing Saviour {flame, *Rage
                  | Will- Int+6 Stlth+}
 21861 | Orc:1    | Entered Level 1 of the Orcish Mines
 22109 | Orc:1    | Found a bloodstained altar of Trog.
 22230 | Orc:2    | Entered Level 2 of the Orcish Mines
 22230 | Orc:2    | Noticed Saint Roka
 22619 | D:12     | Found a frozen archway.
 22628 | IceCv    | Entered an ice cave
 22790 | IceCv    | Reached skill level 10 in Fighting
 23240 | IceCv    | Noticed a frost giant
 23284 | IceCv    | Killed a frost giant
 23341 | IceCv    | Identified the +2 robe of Lesser Demons {rCorr}
 23346 | IceCv    | Identified the staff "Qeipae" {Fragile Fly rN+ Earth}
 24052 | D:12     | Found a glowing golden altar of the Shining One.
 24409 | D:12     | Learned a level 3 spell: Swiftness
 25242 | Lair:5   | Reached skill level 10 in Dodging
 25541 | Lair:5   | HP: 5/115 [dire elephant simulacrum[a necromancer] (11)]
 26022 | Orc:1    | Reached XP level 15. HP: 102/127 MP: 15/15
 26073 | Orc:2    | Noticed Erolcha
 26282 | D:13     | Found Lafoll's Assorted Antiques.
 26285 | D:13     | Bought a scroll of blinking for 195 gold pieces
 26332 | D:13     | Found a gate leading to a gauntlet.
 26340 | Gauntlet | Entered a Gauntlet
 26340 | Gauntlet | Found a transporter.
 26340 | Gauntlet | Found a transporter.
 26344 | Gauntlet | Found a transporter.
 26345 | Gauntlet | Found a transporter.
 26346 | Gauntlet | Found a large runed translucent door.
 26347 | Gauntlet | Found a large runed translucent door.
 26348 | Gauntlet | Found a large runed translucent door.
 26348 | Gauntlet | Found a large runed translucent door.
 26348 | Gauntlet | Found a runed translucent door.
 26349 | Gauntlet | Found a large runed translucent door.
 26350 | Gauntlet | Found a large runed translucent door.
 26351 | Gauntlet | Found a large runed translucent door.
 26351 | Gauntlet | Found a large runed translucent door.
 26358 | Gauntlet | Found a runed translucent gate.
 26358 | Gauntlet | Found a runed translucent gate.
 26360 | Gauntlet | Found a transporter.
 26364 | Gauntlet | Found a transporter.
 26375 | Gauntlet | Found a transporter.
 26376 | Gauntlet | Found a transporter.
 26387 | Gauntlet | Found a transporter.
 26415 | Gauntlet | Found a runed translucent gate.
 26418 | Gauntlet | Found a large runed translucent door.
 26419 | Gauntlet | Found a large runed translucent door.
 26421 | Gauntlet | Found a transporter.
 26455 | Gauntlet | Found a runed translucent door.
 26456 | Gauntlet | Found a large runed translucent door.
 26456 | Gauntlet | Found a large runed translucent door.
 26456 | Gauntlet | Found a large runed translucent door.
 26457 | Gauntlet | Found a large runed translucent door.
 26458 | Gauntlet | Found a large runed translucent door.
 26458 | Gauntlet | Found a transporter.
 26501 | Gauntlet | Found a transporter.
 26526 | Gauntlet | Found a transporter.
 26576 | Gauntlet | Found a transporter.
 26734 | Gauntlet | Identified the amulet of Rationality {Fragile rN++ Regen+
                  | MP-9 Slay+2}
 26973 | Gauntlet | Identified the staff "Kytzopt" {rF- Will+ Dex+3 Earth}
 27091 | D:13     | Reached skill level 1 in Invocations
 28528 | Orc:1    | Killed Saint Roka
 28529 | Orc:1    | Reached skill level 5 in Invocations
 28601 | Orc:2    | Killed Erolcha
 28793 | Orc:2    | Found a staircase to the Elven Halls.
 29387 | Orc:2    | Found Hiso's Jewellery Shoppe.
 29396 | Orc:2    | Bought a +5 ring of evasion for 612 gold pieces
 29411 | Orc:2    | Found an ancient bone altar of Kikubaaqudgha.
 29442 | Orc:2    | Found Kylocis's Antique Armour Emporium.
 29482 | Orc:2    | Found a radiant altar of Vehumet.
 29525 | Orc:2    | Found Faher's Magic Scroll Shoppe.
 29533 | Orc:2    | Found Suf Ban's Antique Weapon Shoppe.
 30324 | D:14     | Found a gate to the Vaults.
 30731 | D:14     | HP: 6/129 [meliai/divine providence (10)]
 30733 | D:14     | HP: 1/129 [meliai/divine providence (12)]
 30738 | D:14     | Killed from afar by a meliai

Illustrated notes

Levels and vault maps discovered:
D:1:      minmay_arrival_split_and_join, layout_loops_cross, minmay_vboxes
D:2:      wad_woods_tower, layout_loops_corners, serial_forest,
          infiniplex_forest_clump_small, infiniplex_forest_lined_2,
          infiniplex_forest_side_room, infiniplex_forest_end_3,
          infiniplex_forest_end_2, infiniplex_forest_end_2,
          infiniplex_forest_clump_small, infiniplex_forest_lined_room_2,
          infiniplex_forest_end_2, infiniplex_forest_lined_3_way,
          chequers_jeans, uniq_sigmund
D:3:      layout_loops_ring, basic_ecumenical_altar
D:4:      layout_loops_ring, kennysheep_orc_sif_temple, temple_fountains,
          minmay_starry_boxes
D:5:      layout_loops_ring, nicolae_ru_awakened_eye, serial_undead,
          serial_undead_c, serial_undead_c, serial_undead_a, serial_undead_f,
          uniq_crazy_yiuf_cottage
D:6:      layout_cave_pools, nicolae_yredelemnul_corpse_copse, serial_shops,
          nicolae_shop_rolling_square, lightli_minifort
D:7:      layout_cave_pods, fedhas_altar_2, nemelex_spade_bored_becter
D:8:      minmay_the_grid_four_pointed_star
          [minmay_the_grid_triangle_9x9_wacky_v,
          minmay_the_grid_triangle_9x9_negative_grid,
          minmay_the_grid_triangle_9x9_checkered,
          minmay_the_grid_triangle_9x9_corrupted_corridor,
          minmay_the_grid_prize_inner_circle], layout_rooms,
          nicolae_overflow_squiral, serial_shops, nicolae_shop_rolling_square
D:9:      layout_small_grid, nicolae_wu_jian_immortal_techniques
D:10:     layout_rooms, minmay_orc_entry_temple_small, serial_shops,
          nicolae_shop_industrial_runoff
D:11:     layout_stronghold, erik_lair_orcish_takeover,
          nicolae_trove_entry_isolated, uniq_urug
D:12:     layout_loops_corners, portal_ice_cave_entry_imps, tso_oasis_becter
D:13:     layout_big_octagon, serial_shops, kennysheep_mini_moat,
          gauntlet_entry_generic
D:14:     layout_stronghold, hellmonk_vaults_order_and_chaos
Temple:   nicolae_temple_two_arcs
Lair:1:   layout_small_grid, grunt_megastairs_1
Lair:2:   layout_misc_corridors, hellmonk_spider_entry_life_and_decay,
          chequers_serial_rivers_room_a, ice2_lemuel, uniq_amaemon
Lair:3:   layout_loops_ring, alex1729_swamp_entry_worm_eleionoma,
          grunt_megastairs_4, uniq_snorg
Lair:4:   layout_gridlike, slime_entry_1, grunt_forest_small_clearing_treed,
          infiniplex_staircase_pool
Lair:5:   due_jungle_book, layout_cave_pods, uniq_nessos
Orc:1:    layout_diamond_mine, basic_altar
Orc:2:    kennysheep_orc_mage_school, layout_caves, uniq_saint_roka,
          uniq_erolcha

Skill      XL: |  1  2  3  4  5  6  7  8  9 10 11 12 13 14 15 |
---------------+----------------------------------------------+-----
Dodging        | 2 5 6 11 12 | 12.0
Unarmed Combat | 4 6 9 10 11 15 | 15.0
Summonings     | 4 |  4.1
Shapeshifting  | 4 6 7 10 14 | 14.0
Fighting       | 6 7 8 11 | 11.0
Air Magic      | 8 |  8.2
Conjurations   | 1 3 |  3.0
Poison Magic   | 1 3 |  3.0
Invocations    | 9 |  9.3

Action                     |  1- 3 |  4- 6 |  7- 9 | 10-12 | 13-15 || total
---------------------------+-------+-------+-------+-------+-------++-------
  Melee: Short sword       |   106 |    14 |       |       |       ||   120
         Tailslap          |     5 |    12 |    50 |   144 |   357 ||   568
         Punch             |     2 |     2 |     6 |     3 |       ||    13
         Unarmed           |       |   101 |   281 |   782 |  1434 ||  2598
  Throw: Boomerang         |    28 |    26 |     9 |       |       ||    63
         Dart              |       |       |     4 |     4 |       ||     8
   Cast: Airstrike         |       |       |       |     8 |     6 ||    14
         Mephitic Cloud    |       |       |       |     4 |     2 ||     6
         Call Imp          |       |       |       |     1 |       ||     1
 Invoke: Minor Destruction |       |       |     2 |       |       ||     2
         Major Destruction |       |       |       |       |     1 ||     1
Ability: Breathe Lightning |       |       |     5 |     2 |     3 ||    10
  Evoke: Wand              |       |       |     4 |       |     1 ||     5
    Use: Scroll            |     5 |     6 |     9 |    16 |    13 ||    49
         Potion            |       |     4 |     1 |     7 |    17 ||    29
   Stab: Invisible         |       |     2 |       |       |       ||     2
         Sleeping          |       |     1 |     1 |       |       ||     2
         Distracted        |       |       |     1 |       |       ||     1
         Confused          |       |       |       |     7 |     2 ||     9
 Armour: Skin              |    56 |    63 |   253 |   739 |  1032 ||  2143
  Dodge: Dodged            |    52 |    71 |   185 |   756 |  1107 ||  2171
   Form: Flux              |       |       |     1 |     1 |       ||     2
         Beast             |       |       |       |     1 |       ||     1

Table legend: (Time is in decaauts)
 A = Elapsed time spent in this place.
 B = Non-inter-level travel time spent in this place.
 C = Inter-level travel time spent in this place.
 D = Time resting spent in this place.
 E = Time spent auto-exploring this place.
 F = Levels seen in this place.
 G = Mean time per level.
                   A        B        C        D        E       F      G
               +--------+--------+--------+--------+--------+-----+--------+
         Total |  30235 |  27595 |   2640 |   6868 |   8452 |  24 | 1259.8 |
       Dungeon |  19347 |  17610 |   1737 |   4801 |   5216 |  14 | 1381.9 |
        Temple |    116 |    116 |      0 |      0 |      0 |   1 |  116.0 |
          Lair |   7470 |   6649 |    821 |   1422 |   2550 |   5 | 1494.0 |
  Orcish Mines |   1849 |   1767 |     82 |    243 |    481 |   2 |  924.5 |
      Ice Cave |    792 |    792 |      0 |    133 |    205 |   1 |  792.0 |
      Gauntlet |    659 |    659 |      0 |    269 |      0 |   1 |  659.0 |
               +--------+--------+--------+--------+--------+-----+--------+

Top non-repeatable levels by time:
     D:4: 2582 daAuts
  Lair:5: 2052 daAuts
     D:5: 2017 daAuts
    D:11: 1949 daAuts
     D:7: 1630 daAuts
  Lair:4: 1546 daAuts
     D:2: 1378 daAuts
    D:14: 1341 daAuts
  Lair:2: 1334 daAuts
     D:3: 1285 daAuts
  Lair:3: 1274 daAuts
  Lair:1: 1262 daAuts
     D:8: 1257 daAuts
     D:6: 1183 daAuts
    D:12: 1145 daAuts
